 Dungeon Crawl Stone Soup version 0.13-a0-2923-g04ac8d1 (webtiles) character file.

285 JacquesDerrida the Shooter (level 5, -3/34 HPs)
             Began as an Octopode Hunter on Sept 2, 2013.
             Slain by an orc wizard
             ... wielding a +0,+6 orcish dagger
              (4 damage)
             ... on Level 3 of the Dungeon.
             The game lasted 00:05:58 (2579 turns).

JacquesDerrida the Shooter (Octopode Hunter)        Turns: 2579, Time: 00:05:58

HP  -3/34        AC  1     Str  9 (12) XL: 5   Next: 34%
MP   4/4         EV 15     Int 14      God:
Gold 133         SH  0     Dex 12      Spells:  0 memorised,  4 levels left

Res.Fire  : . . .   See Invis. : .   b - +1 bow
Res.Cold  : . . .   Warding    : +   (no shield)
Life Prot.: + . .   Conserve   : .   (helmet restricted)
Res.Poison: .       Res.Corr.  : .   x - amulet of warding {unknown}
Res.Elec. : .       Clarity    : .   d - +3 ring of evasion
Sust.Abil.: . .     Spirit.Shd : .   (no ring)
Res.Mut.  : .       Stasis     : .   (no ring)
Res.Rott. : .       Flight     : .   (no ring)
Saprovore : . . .                    (no ring)
                                     (no ring)
                                     (no ring)
                                     (no ring)

@: hasted, very quick, slightly resistant to hostile enchantments, stealthy
A: almost no armour, amphibious, 8 rings, constrict 8, camouflage 1, AC +1
a: no special abilities


You were on level 3 of the Dungeon.
You were not hungry.

You visited 1 branch of the dungeon, and saw 3 of its levels.

You collected 113 gold pieces.

Inventory:

Hand weapons
 a - a +0,+0 short sword
 b - a +1,+1 bow (weapon)
Missiles
 c - 93 arrows (quivered)
Magical devices
 t - a wand of random effects (10)
 w - a wand of frost (8)
Comestibles
 f - 3 bread rations
 g - an apricot
 i - 2 pears
 k - 2 meat rations
 z - a lychee
 B - a chunk of orc flesh
Scrolls
 e - 2 scrolls of curse jewellery {unknown}
 j - 4 scrolls of noise {unknown}
 l - 2 scrolls of remove curse {unknown}
 m - 2 scrolls of fog {unknown}
 p - 7 scrolls of identify {unknown}
 q - a scroll of curse armour {unknown}
 u - a scroll of random uselessness {unknown}
 y - 3 scrolls of teleportation {unknown}
 C - a scroll of amnesia {unknown}
Jewellery
 d - a +3 ring of evasion (left tentacle)
 x - an amulet of warding (around mantle) {unknown}
Potions
 h - a potion of slowing {unknown}
 o - a potion of restore abilities {unknown}


   Skills:
 - Level 1.0 Fighting
 + Level 6.4 Bows
 - Level 2.0 Dodging
 - Level 1.3 Stealth


You had 4 spell levels left.
You didn't know any spells.

Dungeon Overview and Level Annotations

Branches:
Dungeon (3/27)

Altars:
Elyvilon
the Shining One


Innate Abilities, Weirdness & Mutations

You cannot wear most types of armour.
You are amphibious.
You can wear up to eight rings at the same time.
You can use your tentacles to constrict many enemies at once.
Your skin changes colour to match your surroundings (Stlth).
Your rubbery body absorbs attacks (AC +1).


Message History

* * * LOW HITPOINT WARNING * * *
It hits you.
* * * LOW HITPOINT WARNING * * *
It hits you.
* * * LOW HITPOINT WARNING * * *
You can move again.
Drink which item? (? for menu, Esc to quit)
There was something very wrong with that liquid!
You feel weakened.
It was a potion of degeneration.
It hits you but does no damage.
Drink which item? (? for menu, Esc to quit)
You feel better.
It was a potion of curing.
You are feeling hungry.
It hits you!
* * * LOW HITPOINT WARNING * * *
Read which item? (? for menu, Esc to quit)
Okay, then.
Drink which item? (? for menu, Esc to quit)
You feel yourself speed up. It hits you.
You die...

o.....# #o....# #
#.....##.# #........
#..(..# #..(..# ###(###
#..# ##@######
#.......# #.......#
###############.......+
..............'.......#
###############.......#
#.......# #.......#
#########


There were no monsters in sight!

Vanquished Creatures
  An orc priest (D:3)
  Crazy Yiuf (D:3)
  3 adders
  A giant gecko (D:2)
  An ooze (D:2)
  6 orcs (D:3)
  12 goblins
  5 hobgoblins
  4 kobolds
  8 bats
  3 giant cockroaches
  2 giant newts
  A kobold skeleton (D:3)
  7 rats
55 creatures vanquished.

Notes
Turn   | Place    | Note
--------------------------------------------------------------
     0 | D:1      | JacquesDerrida, the Octopode Hunter, began the quest for the Orb.
     0 | D:1      | Reached XP level 1. HP: 14/14 MP: 0/0
   181 | D:1      | Reached XP level 2. HP: 16/19 MP: 1/1
  1189 | D:2      | Found a glowing golden altar of the Shining One.
  1199 | D:2      | Reached XP level 3. HP: 20/24 MP: 2/2
  1254 | D:2      | Found a white marble altar of Elyvilon.
  1280 | D:2      | Reached skill level 5 in Bows
  1605 | D:2      | Reached XP level 4. HP: 21/29 MP: 3/3
  2056 | D:3      | Noticed Crazy Yiuf
  2072 | D:3      | Killed Crazy Yiuf
  2072 | D:3      | Reached skill level 6 in Bows
  2485 | D:3      | Reached XP level 5. HP: 31/34 MP: 4/4
  2570 | D:3      | Paralysed by a potion of paralysis for 7 turns
  2576 | D:3      | HP: 1/34 [something (2)]
  2579 | D:3      | Slain by an orc wizard

Action                   |  1- 3 |  4- 6 || total
-------------------------+-------+-------++-------
Melee: Short sword       |    68 |    24 ||    92
 Fire: Bow               |    11 |    29 ||    40
Evoke: Wand              |     1 |       ||     1
  Use: Potion            |       |     4 ||     4
 Stab: Sleeping          |     8 |     1 ||     9
